 Dungeon Crawl Stone Soup version 0.29.1-1-gd02db6906a (webtiles) character file.

Game seed: 7298033920903794921

72114 GeoRichter the Basher (level 15, -27/178 HPs)
             Began as a Demonspawn Fighter on Oct 17, 2022.
             Was an Initiate of Gozag.
             Annihilated by Rupert
             ... wielding a +0 great mace of holy wrath
              (36 damage)
             ... on level 13 of the Dungeon.
             The game lasted 01:12:56 (20473 turns).

GeoRichter the Basher (Demonspawn Fighter)         Turns: 20473, Time: 01:12:56

Health: -27/178    AC: 19    Str: 21    XL:     15   Next: 0%
Magic:  24/24      EV: 15    Int: 16    God:    Gozag
Gold:   278        SH: 14    Dex: 18    Spells: 21/26 levels left

rFire   . . .      SeeInvis .   F - +2 morningstar (freeze)
rCold   . . .      Faith    .   c - +0 buckler
rNeg    . . .      Spirit   .   w - +5 ring mail of Sin {Str+3}
rPois   .          Reflect  .   (helmet restricted)
rElec   .          Harm     .   (no cloak)
rCorr   .          Rampage  .   r - +0 pair of gloves
Will    +....                   E - +1 pair of boots
Stlth   ..........              e - amulet of regeneration
HPRegen 1.19/turn               t - +4 ring of protection
MPRegen 0.19/turn               q - +6 ring of dexterity

@: berserking, very quick
A: horns 1, large bone plates 3, spiny 2, demonic magic 2
a: Renounce Religion, Potion Petition, Call Merchant, Bribe Branch


You were on level 13 of the Dungeon.
You worshipped Gozag.
Gozag was aware of your devotion.
You visited 4 branches of the dungeon, and saw 21 of its levels.
You also visited: Ossuary and Volcano.

You collected 6369 gold pieces.
You spent 890 gold pieces at shops.
You paid 5201 gold pieces to Gozag.

Inventory:

Hand Weapons
 F - a +2 morningstar of freezing (weapon)
   (You took it off a gargoyle on level 10 of the Dungeon)
Missiles
 i - a throwing net {!f}
 o - 9 javelins (quivered)
Armour
 c - a +0 buckler (worn)
 g - +0 steam dragon scales
   (You took it off Maggie on level 8 of the Dungeon)
 r - a +0 pair of gloves (worn)
   (You found it on level 4 of the Dungeon)
 w - the +5 ring mail of Sin (worn) {Str+3}
   (You bought it in a shop on level 12 of the Dungeon)

   Str:       It affects your strength (+3).
 E - a +1 pair of boots (worn)
   (You found it on level 5 of the Lair of Beasts)
 M - a +0 kite shield
   (You found it on level 5 of the Lair of Beasts)
Jewellery
 e - an amulet of regeneration (around neck)
   (You found it on level 1 of the Dungeon)
 f - a +6 ring of intelligence
   (You found it on level 1 of the Dungeon)
 k - a ring of protection from cold
   (You found it on level 8 of the Dungeon)
 p - a +6 ring of strength
   (You found it on level 8 of the Dungeon)
 q - a +6 ring of dexterity (right hand)
   (You found it on level 3 of the Dungeon)
 t - a +4 ring of protection (left hand)
   (You found it on level 5 of the Dungeon)
 G - an amulet of reflection
   (You found it on level 8 of the Dungeon)
Wands
 n - a wand of polymorph (13)
   (You found it on level 10 of the Dungeon)
 v - a wand of charming (13)
   (You found it on level 6 of the Dungeon)
 y - a wand of flame (7)
   (You found it on level 2 of the Lair of Beasts)
Scrolls
 b - 2 scrolls of enchant weapon
 d - 5 scrolls of identify {@r1}
 h - 4 scrolls of amnesia
 j - 2 scrolls of silence
 l - a scroll of summoning
 m - 4 scrolls of magic mapping
 s - a scroll of torment {unknown}
 x - 4 scrolls of enchant armour
 D - 2 scrolls of fog
 H - 4 scrolls of teleportation {@r4}
 I - 4 scrolls of fear
 J - a scroll of poison {!r}
 L - a scroll of blinking
Potions
 a - 4 potions of curing {@q1}
 u - a potion of cancellation
 z - 3 potions of brilliance
 A - 3 potions of attraction {!q}
 B - 2 potions of flight
 K - a potion of heal wounds {@q2}
 N - a potion of resistance
Miscellaneous
 C - a tin of tremorstones (inert)
   (You found it on level 5 of the Lair of Beasts)


   Skills:
 - Level 11.3 Fighting
 - Level 14.0 Maces & Flails
 - Level 8.4 Armour
 - Level 7.8 Dodging
 - Level 5.7 Shields
 + Level 6.4 Spellcasting
 * Level 9.7 Necromancy
 * Level 8.1 Earth Magic
 - Level 4.0 Evocations


You had 21 spell levels left.
You knew the following spells:

 Your Spells              Type           Power      Damage    Failure   Level
a - Borgnjor's Vile Clut  Necr/Erth      16%        N/A       19%         5

Your spell library contained the following spells:

 Spells                   Type           Power      Damage    Failure   Level
 Sublimation of Blood     Necr           36%        N/A       1%          2
 Dispel Undead            Necr           36%        3d15      4%          4
 Shock                    Conj/Air       20%        1d4       26%         1
 Blink                    Tloc           10%        N/A       36%         2
 Static Discharge         Conj/Air       5%         3-4/arc   36%         2
 Petrify                  Tmut/Erth      18%        N/A       43%         4
 Frozen Ramparts          Ice            10%        1d2       58%         3
 Gell's Gravitas          Tloc           5%         N/A       58%         3
 Lesser Beckoning         Tloc           5%         N/A       58%         3
 Portal Projectile        Hex/Tloc       10%        N/A       58%         3
 Swiftness                Air            5%         N/A       58%         3
 Teleport Other           Tloc           5%         N/A       58%         3
 Tukima's Dance           Hex            5%         N/A       58%         3
 Airstrike                Air            2%         2d(1-17)  94%         4
 Ice Form                 Ice/Tmut       5%         N/A       94%         4
 Sticky Flame             Conj/Fire      5%         2d3       94%         4
 Summon Ice Beast         Ice/Summ       5%         N/A       94%         4
 Alistair's Intoxication  Tmut/Pois      3%         N/A       100%        5
 Blade Hands              Tmut           2%         N/A       100%        5
 Irradiate                Conj/Tmut      2%         3d12      100%        5
 Manifold Assault         Tloc           5%         N/A       100%        5
 Eringya's Noxious Bog    Tmut/Pois      2%         N/A       100%        6
 Storm Form               Tmut/Air       2%         N/A       100%        7
 Borgnjor's Revivificati  Necr           18%        N/A       100%        8
 Necromutation            Tmut/Necr      10%        N/A       100%        8
 Death's Door             Necr           18%        N/A       100%        9


Dungeon Overview and Level Annotations

Branches:
Dungeon (13/15) Zot: 26870  Temple (1/1) D:6 Zot: 5904    Lair (5/5) D:10 Zot: 23307
  Swamp (0/4) Lair:2       Spider (0/4) Lair:3        Slime (0/5) Lair:5
    Orc (2/2) D:9 Zot: 9768     Elf (0/3) Orc:2       Ossuary (visited)
Volcano (visited)
 Vaults: D:13-14

Altars:
Ashenzari
Cheibriados
Dithmenos
Fedhas
Gozag
Hepliaklqana
Kikubaaqudgha
Makhleb
Nemelex Xobeh
Okawaru
Qazlal
Sif Muna
Trog
Uskayaw
Wu Jian
Xom
Yredelemnul
Jiyva

Shops:
D:2 :   D:3 (   D:5 (   D:11 =   D:12 [   Orc:2 *:(?

Annotations:
D:10 1 runed translucent door
D:13 Rupert
Lair:5 1 runed translucent door


Innate Abilities, Weirdness & Mutations

You have a pair of small horns on your head.
You are completely covered in large bone plates. (SH +8)
You are mostly covered in sharp spines.
Spells you cast may paralyse nearby enemies.


Message History

The puff of flame hits Rupert.
The zombie hands constrict Rupert.
Rupert roars wildly at you.
You are confused.
You are too confused!
The zombie hands constrict Rupert!
Rupert escapes!
Rupert roars madly and goes into a rage!
Rupert goes berserk!
You bump into the rock wall.
Rupert rages.
Rupert hits you with a +0 great mace of holy wrath!
You convulse!!
Rupert is struck by your spines. Rupert barely misses you.
Unknown command.
You closely miss Rupert.
Rupert hits you with a +0 great mace of holy wrath!!
You convulse!
* * * LOW HITPOINT WARNING * * *
You feel less confused.
Rupert hits you with a +0 great mace of holy wrath!
* * * LOW HITPOINT WARNING * * *
You convulse.
* * * LOW HITPOINT WARNING * * *
Rupert is struck by your spines.
Rupert hits you with a +0 great mace of holy wrath!!
* * * LOW HITPOINT WARNING * * *
You convulse.
* * * LOW HITPOINT WARNING * * *
Okay, then. [a] - 273 gold - heal wounds and magic [b] - 425 gold - brilliance, magic and heal wounds [c] - 240 gold - invisibility and might Purchase which effect?
You feel much better. Magic courses through your body.
Rupert hits you with a +0 great mace of holy wrath!!
* * * LOW HITPOINT WARNING * * *
You convulse.
* * * LOW HITPOINT WARNING * * *
[a] - 377 gold - heal wounds, curing and berserk rage [b] - 416 gold - heal wounds, curing and magic [c] - 240 gold - haste Purchase which effect?
You no longer have enough gold to petition Gozag for potion effects.
You feel much better.
You feel better.
A red film seems to cover your vision as you go berserk!
You feel yourself moving faster!
You feel mighty! You block Rupert's attack.
Rupert hits you with a +0 great mace of holy wrath!!!
* * * LOW HITPOINT WARNING * * *
You convulse!!!
You die...
Your body crumbles into a pile of gold.

#############........)
#..........##.........
#..........##[........
#..........#..........
#..........#..........
#..........#..........
#.....................
#...........#.........
#....@.....###########
######@##### #...##
###..# ##.# #'# ...
..... $ .@....#


You could see Rupert (berserk).

Vanquished Creatures
  An orc warlord (Orc:1)
  Nessos (Lair:4)
  Snorg (D:12)
  9 hydras
  Harold (D:11)
  2 boulder beetles
  4 ogre magi (Orc:2)
  A centaur warrior (D:11)
  Erica (Lair:2)
  A catoblepas (Lair:1)
  8 death yaks
  A tengu warrior (D:11)
  12 two-headed ogres
  Urug (D:11)
  Sonja (D:10)
  Amaemon (Lair:2)
  A skeletal warrior (D:12)
  2 deep elf pyromancers (D:12)
  A lindwurm (Lair:5)
  A manticore (D:12)
  3 ugly things
  2 cyclopes
  Joseph (D:10)
  6 black mambas
  5 torpor snails (Lair:5)
  An orange demon (Lair:2)
  A molten gargoyle (Lair:5)
  17 cane toads
  3 gargoyles
  Maggie (D:8)
  2 rime drakes (Lair:2)
  2 kobold demonologists
  13 komodo dragons
  An unseen horror (D:12)
  An efreet (D:11)
  6 trolls
  3 polar bears
  6 hornets (Lair:5)
  4 tyrant leeches (Lair:5)
  4 blink frogs (Lair:3)
  15 dream sheep (Lair:5)
  5 slime creatures (D:12)
  2 shadows
  A jumping spider (Lair:3)
  A wyvern (D:10)
  A basilisk (Lair:4)
  A steam dragon (D:8)
  Grum (D:8)
  17 yaks
  4 wraiths
  2 redbacks (Lair:3)
  Menkaure (D:7)
  9 vampire mosquitoes
  4 wargs
  2 swamp worms (Lair:2)
  10 water moccasins
  2 acid dragons
  17 orc warriors
  2 ice beasts
  A black bear (Lair:4)
  25 ogres
  13 wolves
  4 centaurs
  8 kobold brigands
  3 elf zombies (Ossuary)
  11 bullfrogs
  A necrophage (D:6)
  2 scorpions
  2 gnoll sergeants (D:11)
  6 killer bees (D:9)
  2 vampire bats (Lair:1)
  13 howler monkeys
  3 lava snakes (Lair:4)
  A human zombie (Ossuary)
  A centaur zombie (Ossuary)
  4 jellies
  18 orc priests
  2 hounds (D:6)
  4 iguanas
  4 hell rats (Lair:1)
  17 orc wizards
  A hound zombie (Ossuary)
  3 mummies (Ossuary)
  4 gnolls (D:11)
  7 adders
  3 white imps
  4 adder zombies (Ossuary)
  5 dart slugs
  52 orcs
  7 ball pythons
  9 bats
  12 endoplasms
  A giant cockroach (D:1)
  9 hobgoblins
  3 jackals (D:5)
  29 kobolds
  3 quokkas
  6 frilled lizards
  9 goblins
  7 goblin zombies (Ossuary)
  4 hobgoblin zombies (Ossuary)
  3 jackal zombies (Ossuary)
  4 kobold zombies (Ossuary)
  2 orc zombies (Ossuary)
  3 quokka zombies (Ossuary)
  5 rats
  2 rat zombies (Ossuary)
572 creatures vanquished.

Vanquished Creatures (others)
  A komodo dragon (Lair:2)
  2 orc wizards
  22 fungi
  43 plants
68 creatures vanquished.

Grand Total: 640 creatures vanquished

Notes
Turn   | Place    | Note
-------+----------+-------------------------------------------
     0 | D:1      | GeoRichter the Demonspawn Fighter began the quest for the
                  | Orb.
     0 | D:1      | Reached XP level 1. HP: 18/18 MP: 1/1
    49 | D:1      | Reached skill level 2 in Maces & Flails
   343 | D:1      | Gained mutation: Spells you cast may paralyse adjacent
                  | enemies. [demonic ancestry]
   343 | D:1      | Reached XP level 2. HP: 24/24 MP: 2/2
   738 | D:2      | Gained mutation: Spells you cast may paralyse nearby
                  | enemies. [demonic ancestry]
   738 | D:2      | Reached XP level 3. HP: 19/27 MP: 3/3
   857 | D:2      | Found Giehuj's Book Emporium.
   930 | D:2      | Reached skill level 3 in Maces & Flails
  1173 | D:2      | Found a faded altar of an unknown god.
  1447 | D:3      | Found Peab's Weapon Emporium.
  1500 | D:3      | Reached XP level 4. HP: 37/37 MP: 4/4
  1760 | D:4      | Noticed a scorpion
  1763 | D:4      | Killed a scorpion
  1764 | D:4      | Reached skill level 4 in Maces & Flails
  1764 | D:4      | Gained mutation: You are partially covered in large bone
                  | plates. (SH +4) [demonic ancestry]
  1764 | D:4      | Reached XP level 5. HP: 42/42 MP: 5/5
  2614 | D:5      | Entered Level 5 of the Dungeon
  2774 | D:5      | Gained mutation: You have a pair of small horns on your
                  | head. [demonic ancestry]
  2774 | D:5      | Reached XP level 6. HP: 38/49 MP: 6/6
  2796 | D:5      | Found an ornate altar of the Wu Jian Council.
  2833 | D:5      | Noticed an ice beast
  2845 | D:5      | Killed an ice beast
  2846 | D:5      | Reached skill level 5 in Maces & Flails
  2938 | D:5      | Found Fuekaput's Antique Weapon Emporium.
  2953 | D:5      | Bought a pitted mace for 256 gold pieces
  2953 | D:5      | Identified the +8 mace of True Grit {freeze, Int+2} (You
                  | bought it in a shop on level 5 of the Dungeon)
  3028 | D:5      | Reached skill level 5 in Fighting
  3221 | D:5      | Found a broken altar of Ashenzari.
  3828 | D:6      | Noticed an orc warrior
  3840 | D:5      | Killed an orc warrior
  3841 | D:5      | Reached XP level 7. HP: 30/56 MP: 7/7
  3874 | D:5      | Reached skill level 6 in Maces & Flails
  4089 | D:6      | Noticed a troll
  4097 | D:6      | Killed a troll
  4108 | D:6      | Reached skill level 7 in Maces & Flails
  4183 | D:6      | Found a staircase to the Ecumenical Temple.
  4192 | Temple   | Entered the Ecumenical Temple
  4272 | Temple   | Became a worshipper of Gozag Ym Sagoz the Greedy
  4351 | D:6      | You fall into a shaft and drop 1 floor!
  4397 | D:6      | Gained mutation: You are mostly covered in large bone
                  | plates. (SH +6) [demonic ancestry]
  4397 | D:6      | Reached XP level 8. HP: 60/64 MP: 8/8
  4630 | D:7      | Found a sand-covered staircase.
  4639 | Ossuary  | Entered an ossuary
  4689 | Ossuary  | Reached skill level 8 in Maces & Flails
  5452 | D:7      | Noticed Menkaure
  5485 | D:7      | Killed Menkaure
  5559 | D:8      | Noticed Maggie
  5571 | D:8      | HP: 3/100 [steam dragon (5)]
  5572 | D:8      | HP: 1/100 [Maggie/bolt of fire (3)]
  5573 | D:8      | Killed Maggie
  5574 | D:8      | Reached skill level 9 in Maces & Flails
  5574 | D:8      | Reached skill level 1 in Dodging
  5574 | D:8      | Reached XP level 9. HP: 2/72 MP: 9/9
  6164 | D:8      | Found a bloodstained altar of Trog.
  6301 | D:8      | Reached skill level 1 in Evocations
  6529 | D:8      | Noticed Grum
  6545 | D:8      | Killed Grum
  7017 | D:9      | Found a staircase to the Orcish Mines.
  7328 | D:9      | Reached XP level 10. HP: 80/80 MP: 10/10
  7522 | D:10     | Entered Level 10 of the Dungeon
  7525 | D:10     | Noticed a two-headed ogre
  7539 | D:10     | Killed a two-headed ogre
  7540 | D:10     | Reached skill level 5 in Shields
  7849 | D:10     | Noticed Joseph
  7865 | D:10     | Noticed Sonja
  7906 | D:10     | Killed Sonja
  8036 | D:10     | Noticed a gargoyle
  8038 | D:10     | Reached skill level 10 in Maces & Flails
  8046 | D:10     | Killed a gargoyle
  8047 | D:10     | Reached skill level 5 in Armour
  8051 | D:10     | Killed Joseph
  8075 | D:10     | Found a staircase to the Lair.
  8154 | D:10     | Noticed an eight-headed hydra
  8168 | D:10     | Killed an eight-headed hydra
  8495 | D:10     | Noticed a wolf spider
  8495 | D:10     | Noticed a stone giant
  8495 | D:10     | Noticed a centaur warrior
  8496 | D:10     | Found a runed translucent door.
  8498 | D:10     | Noticed a deep elf archer
  8498 | D:10     | Noticed a fire giant
  8498 | D:10     | Noticed a fire giant
  8544 | Lair:1   | Entered Level 1 of the Lair of Beasts
  8630 | Lair:1   | Reached XP level 11. HP: 58/89 MP: 11/11
  8724 | Lair:1   | Noticed a six-headed hydra
  8730 | Lair:1   | Killed a six-headed hydra
  8731 | Lair:1   | Reached skill level 5 in Dodging
  8776 | Lair:1   | Noticed a catoblepas
  8810 | Lair:1   | You fall into a shaft and drop 1 floor!
  8812 | Lair:2   | Noticed Erica
  8898 | Lair:1   | Noticed a seven-headed hydra
  9252 | D:11     | Noticed a boulder beetle
  9284 | D:11     | Killed a boulder beetle
  9422 | D:11     | Noticed Harold
  9470 | D:11     | Noticed a tengu warrior
  9534 | D:11     | Killed a tengu warrior
  9690 | D:11     | Reached skill level 10 in Fighting
  9828 | D:11     | Noticed a seven-headed hydra
  9838 | D:11     | Killed a seven-headed hydra
  9839 | D:11     | Reached skill level 11 in Maces & Flails
  9960 | D:11     | Killed Harold
 10030 | D:11     | Noticed Urug
 10091 | Lair:1   | Killed a seven-headed hydra
 10156 | Lair:2   | Noticed an eight-headed hydra
 10254 | Lair:1   | Killed a catoblepas
 10255 | Lair:1   | Gained mutation: You are partially covered in sharp spines.
                  | [demonic ancestry]
 10255 | Lair:1   | Reached XP level 12. HP: 83/98 MP: 12/12
 10572 | Lair:2   | Killed an eight-headed hydra
 10607 | Lair:2   | Killed Erica
 10816 | Lair:2   | Noticed Amaemon
 10858 | Lair:2   | Killed Amaemon
 10921 | Lair:2   | Noticed a four-headed hydra
 10953 | Lair:2   | Killed a four-headed hydra
 11075 | Lair:2   | Noticed a seven-headed hydra
 11131 | Lair:2   | Killed a seven-headed hydra
 11175 | Lair:2   | Found a staircase to the Swamp.
 11461 | Lair:2   | Reached skill level 12 in Maces & Flails
 11785 | Lair:3   | Reached skill level 1 in Spellcasting
 11794 | Lair:3   | Learned a level 5 spell: Borgnjor's Vile Clutch
 11905 | Lair:3   | Found a dark tunnel.
 11910 | Volcano  | Entered a volcano
 12012 | Volcano  | Noticed a red draconian
 12289 | Lair:3   | Noticed a seven-headed hydra
 12291 | Lair:3   | Noticed a four-headed hydra
 12306 | Lair:3   | Killed a seven-headed hydra
 12312 | Lair:3   | Killed a four-headed hydra
 12313 | Lair:3   | Gained mutation: You are mostly covered in sharp spines.
                  | [demonic ancestry]
 12313 | Lair:3   | Reached XP level 13. HP: 64/106 MP: 15/17
 12399 | Lair:3   | Found a hole to the Spider Nest.
 13000 | Lair:4   | Reached skill level 13 in Maces & Flails
 13256 | Lair:4   | Noticed Nessos
 13735 | Lair:4   | Killed Nessos
 13818 | Lair:4   | Reached skill level 14 in Maces & Flails
 14057 | Lair:4   | Reached skill level 1 in Necromancy
 14066 | Lair:4   | Reached skill level 1 in Earth Magic
 14298 | Lair:5   | Entered Level 5 of the Lair of Beasts
 14819 | Lair:5   | Found a runed translucent door.
 14820 | Lair:5   | Noticed a fire dragon
 15433 | Lair:5   | Reached skill level 5 in Necromancy
 15490 | Lair:5   | Gained mutation: You are completely covered in large bone
                  | plates. (SH +8) [demonic ancestry]
 15490 | Lair:5   | Reached XP level 14. HP: 38/113 MP: 20/20
 15614 | Lair:5   | Found a viscous altar of Jiyva.
 15614 | Lair:5   | Found a staircase to the Slime Pits.
 15783 | Lair:5   | Reached skill level 5 in Earth Magic
 16330 | Orc:1    | Entered Level 1 of the Orcish Mines
 16528 | Orc:2    | Entered Level 2 of the Orcish Mines
 16528 | Orc:2    | Found a staircase to the Elven Halls.
 16554 | Orc:2    | Noticed an orc warlord
 16620 | Orc:1    | Killed an orc warlord
 17055 | Orc:2    | Reached skill level 5 in Spellcasting
 17061 | Orc:2    | Paralysed by an ogre mage for 4 turns
 17301 | Orc:2    | Paralysed by an ogre mage for 4 turns
 17308 | Orc:2    | Paralysed by something for 3 turns
 18041 | Orc:2    | Paralysed by something for 4 turns
 18130 | Orc:2    | Found Giaclika's Book Shoppe.
 18130 | Orc:2    | Found Zoler's Magic Scroll Boutique.
 18132 | Orc:2    | Found Gakhlewna's General Store.
 18132 | Orc:2    | Found Poucvewki's Weapon Shoppe.
 18748 | D:11     | Killed Urug
 18978 | D:11     | Found Nerchu's Jewellery Shop.
 19192 | D:12     | Noticed Snorg
 19225 | D:12     | Killed Snorg
 20321 | D:12     | Bought the +5 ring mail of Sin {Str+3} for 634 gold pieces
 20404 | D:13     | Identified the +8 sling of Kyteimosh {freeze, rF- rC+ Will+
                  | Int+3}
 20427 | D:13     | Reached XP level 15. HP: 119/119 MP: 24/24
 20456 | D:13     | Noticed Rupert
 20472 | D:13     | HP: 2/119 [Rupert/+0 great mace of holy wrath (5)]
 20473 | D:13     | Annihilated by Rupert

Illustrated notes

Levels and vault maps discovered:
D:1:      minmay_arrival_glassed_features, layout_rooms
D:2:      minmay_chambers_of_ones, layout_rooms,
          dreamdust_ecumenical_altar_statues, serial_shops, shop
D:3:      layout_rooms, mainiacjoe_overflow_alcove_2, serial_shops,
          nicolae_shop_bloodbath_and_beyond, kennysheep_minor_cross,
          guppyfry_early_orc_mine
D:4:      layout_loops_cross, serial_bayou, serial_bayou_ford_a,
          serial_bayou_shore_a, serial_bayou_pond_e, serial_bayou_shore_b,
          chequers_avenue, minmay_cut_off
D:5:      layout_layer_cave, mainiacjoe_overflow_surrounded_room,
          nicolae_wu_jian_immortal_techniques, serial_shops,
          nicolae_shop_statue_plus
D:6:      layout_loops_cross, minmay_temple_entry_statues, chequers_garden,
          lemuel_flame_loot_1
D:7:      layout_loops_ring, lightli_ossuary_entry_decrepit_ruins, uniq_menkaure
D:8:      layout_layer_cave, trog_book, minmay_unpleasant_kobolds, uniq_maggie,
          uniq_grum
D:9:      layout_basic, grunt_ministairs_12, chequers_serial_rivers_small_a
D:10:     minmay_gate_of_8, layout_basic, erik_lair_orcish_takeover, uniq_sonja,
          uniq_joseph
D:11:     minmay_chambers_of_sixes, layout_rooms, serial_shops, shop,
          uniq_harold, uniq_urug
D:12:     kennysheep_windowed_halls, layout_basic, uniq_snorg
D:13:     layout_roguey, serial_shops, kennysheep_mini_moat, uniq_azrael,
          uniq_rupert
Temple:   regret_index_temple_chain_breaker
Lair:1:   layout_loops_ring, roderic_batcave, grunt_megastairs_5
Lair:2:   layout_misc_corridors, palyth_hydra_swamp_entry, st_stairs_4,
          chequers_serial_rivers_large_b, uniq_amaemon, uniq_erica
Lair:3:   layout_long_grid, spider_nest_entry_funnel_web, enter_volcano_1,
          grunt_megastairs_3, infiniplex_staircase_pool_2
Lair:4:   layout_gridlike, beast_lair_carwin_6, lemuel_fruit_fields,
          serial_bayou_shore_b, uniq_nessos
Lair:5:   wormcave, layout_gridlike, nicolae_slime_entry_slimehenge,
          lemuel_fruit_tree
Orc:1:    layout_caves
Orc:2:    st_orc_ogre_mass, layout_caves

Skill      XL: |  1  2  3  4  5  6  7  8  9 10 11 12 13 14 |
---------------+-------------------------------------------+-----
Maces & Flails | 2 3 4 5 7 9 10 11 12 14 | 14.0
Fighting       | 4 5 6 7 8 9 10 11 | 11.3
Armour         | 3 5 7 8 |  8.4
Dodging        | 1 2 4 6 7 |  7.8
Shields        | 3 4 5 |  5.7
Evocations     | 4 |  4.0
Spellcasting   | 2 4 6 |  6.4
Necromancy     | 5 9 |  9.7
Earth Magic    | 4 8 |  8.1

Action                   |  1- 3 |  4- 6 |  7- 9 | 10-12 | 13-15 || total
-------------------------+-------+-------+-------+-------+-------++-------
Melee: Flail             |   136 |    66 |       |       |       ||   202
       Mace              |       |    28 |   297 |   255 |       ||   580
       Headbutt          |       |     6 |    54 |   128 |   219 ||   407
       Morningstar       |       |       |       |   322 |   882 ||  1204
Throw: Javelin           |     6 |    18 |     8 |     5 |     6 ||    43
       Boomerang         |       |       |     7 |    23 |     1 ||    31
 Cast: Borgnjor's Vile C |       |       |       |       |     3 ||     3
Invok: Potion Petition   |       |       |     1 |     3 |     7 ||    11
       Call Merchant     |       |       |       |       |     1 ||     1
Evoke: Wand              |       |       |     2 |     9 |     4 ||    15
       Tin of tremorston |       |       |       |       |     4 ||     4
  Use: Scroll            |       |       |    10 |    13 |     9 ||    32
       Potion            |       |       |     3 |     6 |     9 ||    18
 Stab: Distracted        |       |       |     4 |     4 |     8 ||    16
       Sleeping          |       |       |     1 |     3 |     2 ||     6
       Invisible         |       |       |       |       |     6 ||     6
Armor: Scale mail        |    77 |    21 |    70 |       |       ||   168
       Skin              |       |       |    17 |    52 |     2 ||    71
       Steam dragon scal |       |       |    27 |   131 |   115 ||   273
       Ring mail         |       |       |       |       |     1 ||     1
Dodge: Dodged            |    55 |    21 |    88 |   271 |   294 ||   729
Block: Buckler           |    29 |    35 |   151 |   319 |   386 ||   920
       Kite shield       |       |       |       |       |    83 ||    83
